 Dungeon Crawl Stone Soup version 0.27.0-1-g7a089689b8 (webtiles) character file.

Game seed: 17378058746624840417

15624 DearestLeader the Destroyer (level 12, -3/94 HPs)
             Began as a Black Draconian Conjurer on Aug 5, 2021.
             Was a Priest of Vehumet.
             Slain by a salamander (9 damage)
             ... in a volcano.
             The game lasted 00:36:04 (14760 turns).

DearestLeader the Destroyer (DrCj)                 Turns: 14760, Time: 00:36:05

Health: -3/94      AC: 11    Str: 11    XL:     12   Next: 2%
Magic:  1/19       EV: 13    Int: 29    God:    Vehumet [***...]
Gold:   456        SH:  9    Dex:  9    Spells: 8/21 levels left

rFire    . . .     SeeInvis .   C - +3 mace (freeze)
rCold    + . .     Faith    .   o - +0 buckler
rNeg     . . .     Spirit   .   (armour unavailable)
rPois    +         Reflect  +   (helmet restricted)
rElec    +         Harm     .   z - +0 cloak
rCorr    .         Rampage  .   g - +0 pair of gloves
Will     .....                  J - +0 pair of boots
Stlth    ++........             F - amulet of reflection
HPRegen  0.25/turn              N - +6 ring of intelligence
MPRegen  0.16/turn              B - ring of protection from cold

@: no status effects
A: breathe lightning, AC +8, unfitting armour, electricity resistance,
cold-blooded, poison resistance
a: Breathe Lightning, Renounce Religion


You were in a volcano.
You worshipped Vehumet.
Vehumet was most pleased with you.
You visited 3 branches of the dungeon, and saw 14 of its levels.
You also visited: Volcano.

You collected 456 gold pieces.

Inventory:

Hand Weapons
 r - a +2 flail of holy wrath
 C - a +3 mace of freezing (weapon)
 T - the +6 quarterstaff "Rusurr" {antimagic, rF- Int+6}
   (You found it on level 11 of the Dungeon)

   It reduces the magical energy of the wielder, and disrupts the spells and
   magical abilities of those it strikes.
   Natural abilities and divine invocations are not affected.
   Int:       It affects your intelligence (+6).
   rF:        It makes you vulnerable to fire.
 U - a +3 vorpal halberd
Armour
 g - a +0 pair of gloves (worn)
 o - a +0 buckler (worn)
 z - a +0 cloak (worn)
 J - a +0 pair of boots (worn)
Jewellery
 c - a ring of resist corrosion
 e - a ring of see invisible
 m - a +6 ring of dexterity
 x - a +6 ring of strength
 B - a ring of protection from cold (right hand)
 F - an amulet of reflection (around neck)
 N - a +6 ring of intelligence (left hand)
 Q - a ring of positive energy
Wands
 l - a wand of paralysis (17)
 y - a wand of charming (21)
 A - a wand of iceblast (5)
 P - a wand of digging (4)
 S - a wand of polymorph (9)
Scrolls
 b - 3 scrolls of magic mapping
 f - a scroll of brand weapon {unknown}
 i - 3 scrolls of silence
 j - 3 scrolls of enchant armour
 k - 2 scrolls of amnesia
 q - a scroll of fog
 E - a scroll of torment {unknown}
 G - a scroll of immolation {unknown}
 H - a scroll of noise {unknown}
 I - 3 scrolls of fear
 K - 2 scrolls of teleportation {unknown}
 L - a scroll of holy word {unknown}
 O - a scroll of vulnerability {unknown}
Potions
 a - 6 potions of curing
 d - a potion of degeneration {unknown}
 h - 2 potions of ambrosia
 n - 2 potions of invisibility
 p - 5 potions of resistance
 s - 4 potions of lignification
 t - a potion of attraction {unknown}
 u - a potion of magic {unknown}
 v - 3 potions of heal wounds
 w - a potion of might {unknown}
 D - a potion of haste
 M - a potion of cancellation {unknown}
Miscellaneous
 R - a condenser vane


   Skills:
 + Level 5.2 Fighting
 * Level 10.5 Maces & Flails
 + Level 5.4 Dodging
 - Level 1.7 Stealth
 - Level 4.0 Shields
 + Level 5.0 Spellcasting
 + Level 12.2 Conjurations
 - Level 4.0 Hexes
 - Level 5.0 Air Magic


You had 8 spell levels left.
You knew the following spells:

 Your Spells              Type           Power      Damage    Failure   Level
a - Magic Dart            Conj           100%       1d8       1%          1
b - Searing Ray           Conj           100%       3d7       1%          2
c - Fulminant Prism       Conj/Hex       26%        3d14      1%          4
d - Dazzling Flash        Conj/Hex       100%       N/A       1%          3
e - Mephitic Cloud        Conj/Pois/Air  40%        N/A       1%          3

Your spell library contained the following spells:

 Spells                   Type           Power      Damage    Failure   Level
 Olgreb's Toxic Radiance  Pois           7%         N/A       16%         4
 Sandblast                Erth           14%        2d6       1%          1
 Static Discharge         Conj/Air       55%        N/A       1%          2
 Iskenderun's Mystic Bla  Conj/Tloc      42%        2d10      1%          4
 Sticky Flame             Conj/Fire      42%        2d6       1%          4
 Frozen Ramparts          Ice            14%        1d3       5%          3
 Apportation              Tloc           14%        N/A       6%          1
 Passwall                 Tmut/Erth      5%         N/A       10%         2
 Sublimation of Blood     Necr           3%         N/A       10%         2
 Wereblood                Tmut           7%         N/A       10%         2
 Gell's Gravitas          Tloc           3%         N/A       19%         3
 Ozocubu's Armour         Ice            7%         N/A       19%         3
 Teleport Other           Tloc           7%         N/A       19%         3
 Lee's Rapid Deconstruct  Erth           3%         3d6*      38%         5
 Dispel Undead            Necr           7%         3d8       52%         4
 Ice Form                 Ice/Tmut       7%         N/A       52%         4
 Summon Ice Beast         Ice/Summ       7%         N/A       52%         4
 Alistair's Intoxication  Tmut/Pois      4%         N/A       86%         5
 Invisibility             Hex            15%        N/A       88%         6
 Dispersal                Tloc           3%         N/A       100%        6
 Ozocubu's Refrigeration  Ice            3%         4d5       100%        7
 Summon Hydra             Summ           3%         N/A       100%        7


Dungeon Overview and Level Annotations

Branches:
Dungeon (12/15)            Temple (1/1) D:5            Lair (1/6) D:11
    Orc (0/2) D:10        Volcano (1/1)

Altars:
Dithmenos
Elyvilon
Fedhas
Nemelex Xobeh
Okawaru
Qazlal
Sif Muna
Trog
Uskayaw
Vehumet
Wu Jian
Xom
Zin

Annotations:
D:6 1 runed translucent door, mrufka's ghost, novice FoCj


Innate Abilities, Weirdness & Mutations

You can breathe wild blasts of lightning.
Your glossy black scales are hard. (AC +8)
You cannot fit into any form of body armour.
You are resistant to electric shocks. (rElec)
You are cold-blooded and may be slowed by cold attacks.
Your system is resistant to poisons. (rPois)


Message History

Training target 5.0 for Air Magic reached!
Your Spellcasting skill increases to level 5!
Your Air Magic skill increases to level 5!
You have reached level 12!
Your experience leads to an increase in your attributes!
Your base attributes are Str 11, Int 21, Dex 9.
Increase (S)trength, (I)ntelligence, or (D)exterity?
You feel clever. x2; Your scales feel tougher.
A salamander comes into view. It is wielding a +0 trident.
Things that are here:
a +3 vorpal halberd; a +0 spear; a salamander corpse
U - a +3 vorpal halberd You have got your breath back.
Casting: Searing Ray (safe; 1% risk of failure)
Confirm with . or Enter, or press ? or * to list all spells.
Aiming: Searing Ray (safe; 1% risk of failure)
Press: ? - help, Shift-Dir - straight line, f - salamander
Aim: a salamander, wielding a +0 trident (90% to hit)
The searing ray hits the salamander.
The salamander is lightly wounded. (Press . to maintain the ray.)
The searing ray hits the salamander!
The salamander is moderately wounded.
The searing ray hits the salamander!
The salamander is heavily wounded.
The salamander hits you from afar with a +0 trident.
You are engulfed in flames!
The searing ray hits the salamander!
The salamander is heavily wounded.
You finish channeling your searing ray.
A salamander comes into view.
The salamander hits you from afar with a +0 trident!
* * * LOW HITPOINT WARNING * * *
You are engulfed in flames!
* * * LOW HITPOINT WARNING * * *
You feel much better.
The salamander hits you from afar with a +0 trident!!
* * * LOW HITPOINT WARNING * * *
You are engulfed in flames!
You die...

#≈≈≈8...8≈##
####....§##
#.N...#
#8...8#
#..)..#
#.....#
#8.N.8#
#.....#
#..@..#
#8...8#
#.....#
#.....#
#8.∩.8#
##...##
##∩## ###


You could see 2 salamanders.

Vanquished Creatures
  2 two-headed ogres
  A salamander mystic (Volcano)
  An orb spider (shapeshifter) (D:10)
  A deep elf pyromancer (D:11)
  2 salamanders (Volcano)
  A centaur zombie (D:11)
  An elephant (Lair:1)
  A cane toad (Lair:1)
  A gargoyle (D:12)
  4 komodo dragons
  An unseen horror (D:10)
  4 blink frogs (Lair:1)
  2 dream sheep (Lair:1)
  Sigmund (D:5)
  A wraith (D:11)
  A wyvern (Lair:1)
  22 yaks
  A steam dragon (D:8)
  Menkaure (D:7)
  Edmund (D:4)
  An acid dragon (D:11)
  3 water moccasins
  7 orc warriors
  3 ice beasts
  2 black bears (D:7)
  A hornet zombie (D:8)
  A sky beast (D:7)
  4 centaurs
  3 ogres
  A kobold brigand (D:9)
  3 bullfrogs
  A scorpion (D:5)
  A wyvern zombie (D:6)
  A water moccasin skeleton (D:4)
  11 killer bees
  8 wights (D:6)
  2 electric eels (D:7)
  2 bullfrog skeletons
  3 bullfrog zombies
  A hound (D:7)
  2 centaur skeletons (D:7)
  10 orc priests
  3 jellies
  Ijyb (D:5)
  2 iguanas
  6 orc wizards
  A killer bee zombie (D:8)
  The ghost of fly the Sneak, a weakling FoDe (D:4)
  A hound skeleton (D:5)
  A gnoll (D:1)
  9 adders
  A shadow imp (D:6)
  An ufetubus (D:5)
  An adder skeleton (D:4)
  A worm (D:4)
  5 dart slugs
  46 orcs
  6 ball pythons
  5 bats
  8 endoplasms
  7 giant cockroaches
  10 goblins
  6 hobgoblins
  9 jackals
  12 kobolds
  6 quokkas
  2 frilled lizards (D:1)
  7 rats
279 creatures vanquished.

Vanquished Creatures (others)
  25 fulminant prisms
  6 fungi
  56 plants
87 creatures vanquished.

Grand Total: 366 creatures vanquished

Notes
Turn   | Place    | Note
-------+----------+-------------------------------------------
     0 | D:1      | DearestLeader the Draconian Conjurer began the quest for
                  | the Orb.
     0 | D:1      | Reached XP level 1. HP: 14/14 MP: 3/3
   475 | D:1      | Reached XP level 2. HP: 15/20 MP: 1/5
   573 | D:1      | Learned a level 2 spell: Searing Ray
   845 | D:1      | Reached skill level 5 in Conjurations
   946 | D:1      | Reached XP level 3. HP: 26/26 MP: 4/6
  1767 | D:2      | Gained mutation: You are dopey. (Int -2) [potion of
                  | mutation]
  1767 | D:2      | Gained mutation: You have sharp fingernails. [potion of
                  | mutation]
  1768 | D:2      | Lost mutation: You are dopey. (Int -2) [potion of mutation]
  1768 | D:2      | Lost mutation: You have sharp fingernails. [potion of
                  | mutation]
  1768 | D:2      | Gained mutation: Your system is resistant to poisons.
                  | (rPois) [potion of mutation]
  2465 | D:3      | Reached XP level 4. HP: 33/33 MP: 4/7
  2554 | D:3      | Found a faded altar of an unknown god.
  2851 | D:3      | Reached skill level 6 in Conjurations
  3305 | D:4      | Reached skill level 1 in Shields
  3314 | D:4      | Reached XP level 5. HP: 36/38 MP: 4/8
  3649 | D:4      | Found a runed translucent door.
  3649 | D:4      | Noticed fly's ghost (weakling FoDe)
  3894 | D:4      | Reached XP level 6. HP: 36/45 MP: 4/9
  4343 | D:4      | Noticed Edmund
  4377 | D:4      | Killed Edmund
  4378 | D:4      | Reached skill level 7 in Conjurations
  4884 | D:4      | Killed fly's ghost
  5088 | D:5      | Entered Level 5 of the Dungeon
  5288 | D:5      | Noticed an ice beast
  5294 | D:5      | Killed an ice beast
  5295 | D:5      | Your scales start taking on a glossy black colour.
  5295 | D:5      | Reached XP level 7. HP: 50/50 MP: 2/10
  5295 | D:5      | Gained mutation: You are resistant to electric shocks.
                  | (rElec) [Black Draconian growth]
  5537 | D:5      | Found a staircase to the Ecumenical Temple.
  5563 | D:5      | Noticed Ijyb
  5583 | Temple   | Entered the Ecumenical Temple
  5597 | Temple   | Became a worshipper of Vehumet
  5638 | D:5      | Reached skill level 8 in Conjurations
  5863 | D:5      | Reached skill level 1 in Fighting
  5926 | D:5      | Noticed Sigmund
  5933 | D:5      | Killed Sigmund
  5997 | D:5      | Killed Ijyb
  6584 | D:5      | Reached XP level 8. HP: 18/61 MP: 8/12
  6931 | D:6      | Reached skill level 9 in Conjurations
  7290 | D:6      | Reached skill level 1 in Maces & Flails
  7466 | D:6      | Reached * piety under Vehumet
  7466 | D:6      | Offered knowledge of Freeze by Vehumet.
  7717 | D:6      | Found a runed translucent door.
  7720 | D:6      | Noticed mrufka's ghost (novice FoCj)
  8014 | D:7      | Reached XP level 9. HP: 43/71 MP: 14/14
  8019 | D:7      | Learned a level 4 spell: Fulminant Prism
  8635 | D:7      | Noticed Menkaure
  8640 | D:7      | Killed Menkaure
  8641 | D:7      | Reached skill level 10 in Conjurations
  9509 | D:8      | Reached skill level 5 in Fighting
  9514 | D:8      | Reached skill level 5 in Maces & Flails
 10039 | D:8      | Offered knowledge of Foxfire by Vehumet.
 10247 | D:8      | Found a white marble altar of Elyvilon.
 10585 | D:8      | Reached XP level 10. HP: 80/81 MP: 16/16
 10589 | D:8      | Learned a level 3 spell: Dazzling Flash
 10868 | D:8      | Reached skill level 11 in Conjurations
 11194 | D:9      | Reached skill level 1 in Hexes
 11350 | D:9      | Reached ** piety under Vehumet
 11629 | D:9      | Noticed a two-headed ogre
 11634 | D:9      | Killed a two-headed ogre
 12009 | D:10     | Entered Level 10 of the Dungeon
 12145 | D:10     | Offered knowledge of Mephitic Cloud by Vehumet.
 12152 | D:10     | Learned a level 3 spell: Mephitic Cloud
 12308 | D:10     | Noticed an orb spider
 12330 | D:10     | Killed an orb spider
 12337 | D:10     | Reached *** piety under Vehumet
 12341 | D:10     | Reached skill level 1 in Air Magic
 12391 | D:10     | Noticed a two-headed ogre
 12395 | D:10     | Killed a two-headed ogre
 12396 | D:10     | Reached XP level 11. HP: 79/86 MP: 14/17
 12703 | D:10     | Found a staircase to the Orcish Mines.
 13098 | D:11     | Offered knowledge of Olgreb's Toxic Radiance by Vehumet.
 13405 | D:11     | Noticed a deep elf pyromancer
 13412 | D:11     | Killed a deep elf pyromancer
 13462 | D:11     | Identified the +6 quarterstaff "Rusurr" {antimagic, rF-
                  | Int+6}
 13533 | D:11     | Found a staircase to the Lair.
 13905 | Lair:1   | Entered Level 1 of the Lair of Beasts
 14048 | D:11     | HP: 4/86 [komodo dragon (22)]
 14052 | D:11     | Reached skill level 12 in Conjurations
 14408 | Lair:1   | Reached skill level 10 in Maces & Flails
 14446 | Lair:1   | Reached skill level 5 in Dodging
 14524 | Lair:1   | Found a dark tunnel.
 14530 | Volcano  | Entered a volcano
 14726 | Volcano  | Noticed a salamander mystic
 14741 | Volcano  | Killed a salamander mystic
 14748 | Volcano  | Reached skill level 5 in Spellcasting
 14748 | Volcano  | Reached skill level 5 in Air Magic
 14748 | Volcano  | Reached XP level 12. HP: 41/94 MP: 4/19
 14760 | Volcano  | Slain by a salamander

Illustrated notes

Levels and vault maps discovered:
D:1:      eino_arrival_cavern_b, layout_basic
D:2:      minmay_angry_zag, layout_rooms, hangedman_decor_push
D:3:      layout_rooms, ebering_ecumenical_altar_abandoned
D:4:      minmay_spotlight, layout_basic, serial_aquarium,
          aquarium_bridge_straight [aquarium_subvault_bridge,
          aquarium_subvault_window, aquarium_subvault_bridge,
          aquarium_subvault_balcony], aquarium_window_double, aquarium_window_1,
          aquarium_window_1, aquarium_view_2d, aquarium_pool_side,
          hellmonk_ghost_happy_afterlife, uniq_edmund
D:5:      layout_gridville, temple_green, uniq_ijyb, uniq_sigmund
D:6:      layout_basic, ebering_ghost_reflecting_pool, bh_walls_and_bars
D:7:      layout_gridville, chequers_big_river, uniq_menkaure
D:8:      layout_basic, mainiacjoe_overflow_cross_hatched,
          kennysheep_generic_room_3
D:9:      layout_roguey
D:10:     layout_basic, hiddenorc1_lemuel, serial_glass, glass_columns_a,
          glass_columns_b
D:11:     layout_gridville, david_lair_shrubbed
D:12:     layout_long_grid, uniq_josephine
Temple:   grunt_wide_crystal_templ
Lair:1:   wad_woods_stonehenge, layout_chaotic_city,
          nicolae_volcano_entry_s_turn, kennysheep_abandoned_house,
          serial_bayou_shore_b, uniq_joseph
Volcano:  kennysheep_volcano_temple

Skill      XL: |  1  2  3  4  5  6  7  8  9 10 11 |
---------------+----------------------------------+-----
Conjurations   | 5 6 7 8 9 10 11 12 | 12.2
Shields        | 1 2 4 |  4.0
Fighting       | 2 3 5 |  5.2
Dodging        | 2 3 4 5 |  5.4
Spellcasting   | 3 4 5 |  5.0
Maces & Flails | 2 6 8 10 | 10.5
Hexes          | 3 4 |  4.0
Air Magic      | 1 5 |  5.0
Stealth        | |  1.7

Action                   |  1- 3 |  4- 6 |  7- 9 | 10-12 || total
-------------------------+-------+-------+-------+-------++-------
Melee: Short sword       |    95 |    47 |    29 |       ||   171
       Tailslap          |     4 |     7 |    19 |    12 ||    42
       Unarmed           |     2 |       |       |       ||     2
       Falchion          |       |    38 |    11 |       ||    49
       Mace              |       |       |    84 |    93 ||   177
       Flail             |       |       |    40 |     5 ||    45
 Cast: Magic Dart        |    23 |       |     1 |     5 ||    29
       Searing Ray       |    14 |    25 |    32 |    45 ||   116
       Fulminant Prism   |       |       |     4 |    21 ||    25
       Dazzling Flash    |       |       |       |     1 ||     1
 Abil: Breathe Lightning |       |       |     3 |     4 ||     7
  Use: Potion            |     3 |     1 |       |     2 ||     6
       Scroll            |     1 |       |       |    13 ||    14
 Stab: Sleeping          |     2 |     1 |     2 |       ||     5
Armor: Skin              |    60 |    43 |    72 |    48 ||   223
Dodge: Dodged            |   105 |    76 |   135 |    85 ||   401
Block: Buckler           |       |     1 |    76 |    82 ||   159
       Reflection        |       |       |     6 |     1 ||     7
       Rpst.: Falchion   |       |    10 |     3 |       ||    13
